 Dungeon Crawl Stone Soup version 0.25.0-9-g26727b657a (webtiles) character file.

Game seed: 12476349574567393924

11631 MisterFreud the Fighter (level 11, -9/76 HPs)
             Began as a Gargoyle Monk on June 18, 2020.
             Was a High Priest of Okawaru.
             Mangled by a minotaur
             ... wielding a +2 dagger of speed
              (18 damage)
             ... in a Gauntlet.
             The game lasted 00:25:24 (13306 turns).

MisterFreud the Fighter (Gargoyle Monk)            Turns: 13306, Time: 00:25:25

Health: -9/76      AC: 34    Str: 25    XL:     11   Next: 80%
Magic:  0/14       EV:  9    Int: 10    God:    Okawaru [*****.]
Gold:   701        SH:  4    Dex: 12    Spells: 10/10 levels left

rFire    . . .     SeeInvis +   Q - +8 trident of the Octopus King {venom, rElec rPois MR+}
rCold    . . .     Gourm    .   (no shield)
rNeg     + . .     Faith    .   S - +0 plate armour
rPois    ∞         Spirit   +   I - +2 helmet {SInv}
rElec    +         Reflect  .   x - +1 cloak
rCorr    .         Harm     .   J - +0 pair of gloves
MR       +....     NoTele   +   T - +0 pair of boots
Stlth    ..........             F - amulet of guardian spirit
HPRegen  0.22/turn              e - +6 ring of strength
MPRegen  0.14/turn              o - +4 ring of protection

@: heroism, starving, heavily drained
A: large bone plates 1, deterioration 1, negative energy resistance 1,
electricity resistance, unbreathing, petrification resistance, rot immunity, AC
+8
a: Heroism, Finesse, Renounce Religion


You were in a Gauntlet.
You worshipped Okawaru.
Okawaru was extremely pleased with you.
You were starving.

You visited 2 branches of the dungeon, and saw 12 of its levels.
You also visited: Bailey and Gauntlet.

You collected 701 gold pieces.

Inventory:

Hand Weapons
 Q - the +8 trident of the Octopus King (weapon) {venom, rElec rPois MR+}
   (You found it on level 8 of the Dungeon)

   It poisons the flesh of those it strikes.
   It insulates you from electricity.
   It protects you from poison.
   It affects your resistance to hostile enchantments.
Missiles
 l - 8 javelins
 m - 46 poisoned darts
 H - a throwing net
 N - 19 boomerangs (quivered)
 U - 5 silver javelins
 V - 11 datura-tipped darts
Armour
 s - a scarf of repulsion
 x - a +1 cloak (worn)
 E - the +1 hat of the Morning Star {*Drain *Slow rElec Str+8 Int+5}
   (You found it in a Gauntlet)

   It affects your strength (+8).
   It affects your intelligence (+5).
   It insulates you from electricity.
   It causes draining when unequipped.
   It may slow you when you take damage.
 I - a +2 helmet of see invisible (worn)
 J - a +0 pair of gloves (worn)
 S - a +0 plate armour (worn)
 T - a +0 pair of boots (worn)
Jewellery
 a - an uncursed amulet of faith {unknown}
 e - a +6 ring of strength (left hand)
 o - a +4 ring of protection (right hand)
 t - an uncursed ring of ice
 w - an uncursed ring of protection from magic
 D - an uncursed ring of protection from fire
 F - an amulet of guardian spirit (around neck)
 M - an uncursed ring of protection from fire
 O - an uncursed ring of ice
 P - a +6 ring of dexterity
Wands
 u - a wand of flame (13)
 G - a wand of clouds (11)
 W - a wand of digging (6)
 Y - a wand of acid (8)
Scrolls
 b - 2 scrolls of random uselessness {unknown}
 d - a scroll of magic mapping
 f - 3 scrolls of fog {unknown}
 g - 3 scrolls of immolation
 i - 5 scrolls of remove curse
 j - 6 scrolls of blinking
 k - a scroll of enchant armour {unknown}
 v - 5 scrolls of teleportation
 y - a scroll of vulnerability {unknown}
 K - a scroll of silence {unknown}
 X - a scroll of acquirement {unknown}
 Z - 4 scrolls of amnesia
Potions
 h - 2 potions of lignification
 n - 2 potions of heal wounds
 p - 2 potions of mutation
 q - a potion of stabbing
 r - a potion of brilliance
 z - a potion of haste
 A - 3 potions of ambrosia
 B - 2 potions of flight
 C - a potion of magic {unknown}
 L - a potion of curing
 R - a potion of invisibility
Comestibles
 c - 20 rations


   Skills:
 + Level 11.7(14.3) Fighting
   Level 9.0(11.8) Maces & Flails
 - Level 9.0(11.8) Polearms
 - Level 5.0(8.0) Armour
 - Level 2.4(5.5) Dodging
 - Level 2.1(5.3) Stealth
 - Level 4.0(2.3) Invocations
 - Level 5.0(3.2) Evocations


You had 10 spell levels left.
You didn't know any spells.
Your spell library contained the following spells:

 Spells                   Type           Power        Failure   Level  Hunger
 Animate Skeleton         Necr           N/A          99%         1    ##.....
 Apportation              Tloc           #.....       99%         1    ##.....
 Corona                   Hex            #......      99%         1    ##.....
 Summon Small Mammal      Summ           #...         99%         1    ##.....


Dungeon Overview and Level Annotations

Branches:
Dungeon (11/15)            Temple (1/1) D:6            Lair (0/6) D:8
 Bailey (visited)         Gauntlet (1/1)
    Orc: D:9-12

Altars:
Ashenzari
Cheibriados
Dithmenos
Elyvilon
Fedhas
Gozag
Hepliaklqana
Kikubaaqudgha
Makhleb
Nemelex Xobeh
Okawaru
Qazlal
Ru
Sif Muna
Trog
Uskayaw
Vehumet
Wu Jian
Xom
Yredelemnul
Zin
The Shining One

Annotations:
D:10 2 transporters, erker's ghost, novice GrSk Gauntlet 6 transporters


Innate Abilities, Weirdness & Mutations

You are resistant to torment.
Your stone body is resilient. (AC +8)
You are immune to poison.
You resist negative energy. (rN+)
You are resistant to electric shocks. (rElec)
You can survive without breathing.
You are immune to petrification.
You are immune to rotting.
You are partially covered in large bone plates. (SH +4)
Your body sometimes deteriorates upon taking damage.


Message History

The minotaur gores you but does no damage.
You hit the minotaur but do no damage.
The minotaur is moderately wounded.
You are starving!
The minotaur drinks a potion.
The minotaur goes berserk!
You hit the minotaur but do no damage.
The minotaur is moderately wounded.
The minotaur hits you with a +2 dagger of speed!
The minotaur barely misses you.
You barely miss the minotaur.
The minotaur is moderately wounded.
The minotaur hits you with a +2 dagger of speed!!
* * * LOW HITPOINT WARNING * * *
The minotaur gores you but does no damage.
You barely miss the minotaur.
The minotaur is moderately wounded.
The minotaur hits you but does no damage.
The minotaur barely misses you.
The minotaur hits you with a +2 dagger of speed!!
You die...

...............≈#
#######.#########
#####.# #.....#
#.#######
#.#(....#
#.#.###.# #.#.#
#.# #.#@# #.#
#.#H# #.# #.#..
#.# #.#####.#
#.......#
#########


You could see a minotaur (berserk, extremely poisoned).

Vanquished Creatures
  A blizzard demon (Gauntlet)
  Harold (D:7)
  2 two-headed ogres
  A wizard (Gauntlet)
  2 orc knights (Bailey)
  Joseph (D:9)
  An ice statue (Gauntlet)
  A rime drake (Gauntlet)
  2 ice devils (Gauntlet)
  A troll (D:10)
  2 hippogriffs
  4 hogs (D:7)
  A human (D:7)
  Grum (D:8)
  2 steam dragons
  Menkaure (D:4)
  A porcupine (D:8)
  A black bear (D:8)
  2 orc warriors
  A hornet zombie (D:10)
  An ice beast (D:9)
  2 sky beasts
  3 wolves (D:8)
  3 ogres
  2 necrophages
  2 centaurs
  3 phantoms
  A big kobold (D:8)
  7 bullfrogs
  5 scorpions
  14 killer bees
  A vampire bat (D:9)
  2 howler monkeys (D:10)
  A crimson imp (D:8)
  A bullfrog skeleton (D:8)
  An iron imp (D:9)
  5 hounds
  A jelly (D:6)
  2 centaur skeletons (D:9)
  3 orc priests
  3 iguanas
  5 worker ants
  7 orc wizards
  A hound zombie (D:6)
  A worker ant zombie (D:10)
  11 gnolls
  7 adders
  2 shadow imps (Gauntlet)
  2 white imps (Gauntlet)
  An ooze (D:1)
  2 adder skeletons
  A worm (D:2)
  5 leopard geckos
  13 orcs
  9 bats
  A bat skeleton (D:9)
  4 bat zombies (D:9)
  A giant cockroach (D:4)
  9 hobgoblins
  11 jackals
  3 ball pythons
  5 frilled lizards
  5 goblins
  A jackal skeleton (D:7)
  26 kobolds
  A leopard gecko skeleton (D:7)
  11 rats
237 creatures vanquished.

Vanquished Creatures (others)
  2 orcs (D:6)
  9 fungi (D:8)
  3 plants (D:8)
14 creatures vanquished.

Grand Total: 251 creatures vanquished

Notes
Turn   | Place    | Note
-------+----------+-------------------------------------------
     0 | D:1      | MisterFreud the Gargoyle Monk began the quest for the Orb.
     0 | D:1      | Reached XP level 1. HP: 14/14 MP: 1/1
   471 | D:1      | Reached XP level 2. HP: 20/20 MP: 2/2
   577 | D:1      | Reached skill level 4 in Fighting
  1204 | D:1      | Reached XP level 3. HP: 22/24 MP: 3/3
  1618 | D:2      | Reached skill level 5 in Fighting
  1808 | D:2      | Reached XP level 4. HP: 20/31 MP: 4/4
  2652 | D:3      | Reached XP level 5. HP: 35/35 MP: 5/5
  2788 | D:3      | Found a faded altar of an unknown god.
  3325 | D:4      | Reached skill level 5 in Maces & Flails
  3383 | D:4      | Noticed Menkaure
  3389 | D:4      | Killed Menkaure
  3389 | D:4      | Reached XP level 6. HP: 25/40 MP: 6/6
  3539 | D:4      | Noticed a phantom
  3587 | D:4      | Killed a phantom
  3754 | D:4      | Reached XP level 7. HP: 27/44 MP: 7/7
  4110 | D:4      | Found a sparkling altar of Nemelex Xobeh.
  4296 | D:5      | Entered Level 5 of the Dungeon
  4296 | D:5      | Found a blossoming altar of Fedhas.
  4306 | D:5      | Found a shattered altar of Ashenzari.
  4442 | D:5      | Reached skill level 5 in Armour
  4731 | D:5      | Found a shadowy altar of Dithmenos.
  4742 | D:5      | Found a burning altar of Makhleb.
  4746 | D:5      | Found a shimmering blue altar of Sif Muna.
  5117 | D:6      | Reached XP level 8. HP: 39/49 MP: 8/8
  5396 | D:5      | Gained mutation: Your body sometimes deteriorates upon
                  | taking damage. [potion of mutation]
  5396 | D:5      | Gained mutation: You are partially covered in large bone
                  | plates. (SH +4) [potion of mutation]
  5404 | D:5      | HP: 3/73 [something (13)]
  6441 | D:6      | Found a staircase to the Ecumenical Temple.
  6464 | Temple   | Entered the Ecumenical Temple
  6618 | Temple   | Became a worshipper of Warmaster Okawaru
  6618 | Temple   | Reached * piety under Okawaru
  6618 | Temple   | Reached ** piety under Okawaru
  7099 | D:7      | Noticed Harold
  7140 | D:6      | Reached skill level 1 in Invocations
  7185 | D:7      | Reached skill level 1 in Evocations
  7346 | D:7      | Reached XP level 9. HP: 55/55 MP: 7/11
  7352 | D:7      | Reached skill level 6 in Fighting
  7369 | D:7      | Reached *** piety under Okawaru
  7813 | D:7      | Reached skill level 7 in Fighting
  8287 | D:7      | Killed Harold
  8287 | D:7      | Reached skill level 8 in Fighting
  8287 | D:7      | Reached skill level 5 in Evocations
  8287 | D:7      | Reached XP level 10. HP: 36/65 MP: 7/13
  8927 | D:8      | Noticed Grum
  8945 | D:8      | Reached skill level 9 in Fighting
  8989 | D:8      | Killed Grum
  8998 | D:8      | Reached **** piety under Okawaru
  9319 | D:8      | Reached skill level 10 in Fighting
  9442 | D:8      | Found a staircase to the Lair.
  9744 | D:8      | Noticed a two-headed ogre
  9774 | D:8      | Killed a two-headed ogre
  9774 | D:8      | Reached skill level 11 in Fighting
 10311 | D:8      | Found the +8 trident of the Octopus King {venom, rElec
                  | rPois MR+}
 10388 | D:9      | Reached skill level 1 in Polearms
 10404 | D:9      | Found a flagged portal.
 10417 | Bailey   | Entered a bailey
 10470 | Bailey   | Noticed an orc knight
 10494 | Bailey   | Killed an orc knight
 10494 | Bailey   | Received a gift from Okawaru
 10554 | Bailey   | Noticed an orc knight
 10594 | Bailey   | Killed an orc knight
 10768 | Bailey   | Found a bloodstained altar of Trog.
 10942 | D:9      | Received a gift from Okawaru
 10945 | D:9      | Reached XP level 11. HP: 74/74 MP: 14/14
 10960 | D:9      | Noticed Joseph
 10974 | D:9      | Killed Joseph
 10974 | D:9      | Reached skill level 5 in Polearms
 11163 | D:9      | Received a gift from Okawaru
 11310 | D:9      | Found a snail-covered altar of Cheibriados.
 11557 | D:9      | Found an ancient bone altar of Kikubaaqudgha.
 11633 | D:10     | Entered Level 10 of the Dungeon
 11633 | D:10     | Found a transporter.
 11646 | D:10     | Noticed erker's ghost (novice GrSk)
 11879 | D:10     | Reached ***** piety under Okawaru
 12021 | D:10     | Found a transporter.
 12057 | D:10     | Noticed a two-headed ogre
 12064 | D:10     | Killed a two-headed ogre
 12630 | D:11     | Found a gate leading to a gauntlet.
 12648 | Gauntlet | Entered a Gauntlet
 12648 | Gauntlet | Found a transporter.
 12648 | Gauntlet | Found a transporter.
 12652 | Gauntlet | Found a transporter.
 12652 | Gauntlet | Found a transporter.
 12660 | Gauntlet | Found a transporter.
 12677 | Gauntlet | Noticed a wizard
 12680 | Gauntlet | Found a transporter.
 12702 | Gauntlet | Killed a wizard
 12728 | Gauntlet | Found a transporter.
 12754 | Gauntlet | Found a transporter.
 13037 | Gauntlet | Found a transporter.
 13039 | Gauntlet | Found the ring of Shadows {Umbra +Inv Stlth+}
 13043 | Gauntlet | Found a transporter.
 13051 | Gauntlet | Noticed a blizzard demon
 13051 | Gauntlet | Found a transporter.
 13065 | Gauntlet | Received a gift from Okawaru
 13090 | Gauntlet | Killed a blizzard demon
 13128 | Gauntlet | Found a transporter.
 13132 | Gauntlet | Got a faintly humming hat
 13143 | Gauntlet | Identified the +1 hat of the Morning Star {*Drain *Slow
                  | rElec Str+8 Int+5} (You found it in a Gauntlet)
 13293 | Gauntlet | Identified the +6 arbalest of Contradiction {flame, rN+}
 13293 | Gauntlet | Noticed a minotaur
 13306 | Gauntlet | Mangled by a minotaur

Illustrated notes

Levels and vault maps discovered:
D:1:      minmay_arrival_radiant_lines, layout_loops_ring,
          minmay_small_reverse_x
D:2:      minmay_wonky_spiral, layout_rooms
D:3:      layout_basic, chequers_ecumenical_altar_simple
D:4:      layout_gridville, roderic_malta_cross, nemelex_spade_bored_becter,
          uniq_menkaure
D:5:      layout_cave_pools, minitemple, first_ration, evilmike_ruin_ashenzari
D:6:      kennysheep_steamy, layout_rooms, temple_statues
D:7:      layout_layer_cave, grunt_livestock, uniq_harold
D:8:      layout_loops_corners, grunt_lair_entry_orc_guard_hut,
          kennysheep_generic_room_10, uniq_grum
D:9:      layout_stronghold, slow_altar_1, kennysheep_vampire_church,
          enter_bailey_2, uniq_joseph
D:10:     layout_long_grid, gammafunk_ghost_stat_death
D:11:     layout_cave_pools, gauntlet_entry_generic
Temple:   regret_index_temple_sphere_string
Gauntlet: gammafunk_gauntlet_branching [gammafunk_gauntlet_arena_teeth,
          nicolae_gauntlet_arena_flowing_pool, gammafunk_gauntlet_arena_corners,
          gammafunk_gauntlet_arena_crates, nicolae_gauntlet_arena_quarters,
          gammafunk_gauntlet_arena_chambers, gammafunk_gauntlet_arena_split_x,
          gammafunk_gauntlet_arena_spirals, gauntlet_exit_spiral]

Skill      XL: |  1  2  3  4  5  6  7  8  9 10 11 |
---------------+----------------------------------+-----
Fighting       | 4 5 8 11 | 11.7
Maces & Flails | 4 6 7 9 |  9.0
Armour         | 4 5 |  5.0
Invocations    | 2 4 |  4.0
Evocations     | 2 5 |  5.0
Polearms       | 4 9 |  9.0
Dodging        | |  2.4
Stealth        | |  2.1

Action                   |  1- 3 |  4- 6 |  7- 9 | 10-12 || total
-------------------------+-------+-------+-------+-------++-------
Melee: Mace              |   121 |   181 |   344 |   121 ||   767
       Punch             |       |       |     2 |     2 ||     4
       Whip              |       |       |       |   131 ||   131
       Trident           |       |       |       |   254 ||   254
Throw: Dart              |     4 |     4 |    28 |    12 ||    48
       Boomerang         |       |       |       |    24 ||    24
Invok: Heroism           |       |       |     4 |     9 ||    13
Evoke: Wand              |       |       |     1 |       ||     1
  Use: Scroll            |     4 |       |     8 |     5 ||    17
       Potion            |       |       |     4 |       ||     4
 Stab: Sleeping          |     3 |       |       |       ||     3
       Distracted        |       |     1 |       |       ||     1
  Eat: Chunk             |     3 |     6 |     7 |    12 ||    28
       Ration            |       |       |     2 |     1 ||     3
Armor: Robe              |    44 |    22 |       |       ||    66
       Ring mail         |       |    69 |    68 |       ||   137
       Chain mail        |       |       |   126 |   131 ||   257
       Skin              |       |       |    13 |       ||    13
       Steam dragon scal |       |       |     6 |       ||     6
       Plate armour      |       |       |       |   184 ||   184
Dodge: Dodged            |    79 |   117 |   214 |   191 ||   601
Block: Other             |       |       |    54 |    74 ||   128
